 Dungeon Crawl Stone Soup version 0.23.2-33-g5129a83184 (webtiles) character file.

Game seed: 15209408972549541152

130 H0rd4k the Charlatan (level 5, 0/38 HPs)
             Began as a Human Artificer on Aug 1, 2019.
             Slain by an orc
             ... wielding a +0 short sword
              (1 damage)
             ... on level 3 of the Dungeon.
             The game lasted 00:02:30 (2664 turns).

H0rd4k the Charlatan (Human Artificer)              Turns: 2664, Time: 00:02:30

Health: 0/38       AC:  4    Str: 13    XL:     5   Next: 36%
Magic:  7/7        EV: 12    Int: 11    God:
Gold:   138        SH:  0    Dex: 14    Spells: 4/4 levels left

rFire    . . .     SeeInvis .   q - +2 short sword (flame)
rCold    . . .     Gourm    .   (no shield)
rNeg     . . .     Faith    .   u - +0 leather armour (curse)
rPois    .         Spirit   .   (no helmet)
rElec    .         Reflect  .   (no cloak)
rCorr    .         Harm     .   (no gloves)
MR       .....                  n - +0 pair of boots
Stlth    ++........             (no amulet)
HPRegen  0.12/turn              (no ring)
MPRegen  0.10/turn              (no ring)

@: no status effects
A: no striking features
a: no special abilities


You were on level 3 of the Dungeon.
You were not hungry.

You visited 1 branch of the dungeon, and saw 3 of its levels.

You collected 138 gold pieces.

Inventory:

Hand Weapons
 a - a +0 short sword
 q - a +2 short sword of flaming (weapon)
Armour
 b - a +0 leather armour
 j - a +0 pair of boots
 n - a +0 pair of boots (worn)
 u - a cursed +0 leather armour (worn)
Jewellery
 t - a cursed ring of resist corrosion {unknown}
 v - an uncursed ring of positive energy {unknown}
Wands
 c - a wand of flame (12)
 d - a wand of enslavement (15)
 e - a wand of random effects (15)
Scrolls
 g - 2 scrolls of identify {unknown}
 h - 2 scrolls of enchant weapon {unknown}
 l - a scroll of enchant armour {unknown}
 p - a scroll of magic mapping {unknown}
 r - 3 scrolls of teleportation {unknown}
 s - a scroll of remove curse {unknown}
 w - a scroll of amnesia {unknown}
Potions
 i - 2 potions of mutation {unknown}
 k - a potion of agility {unknown}
 m - 3 potions of brilliance {unknown}
 o - 3 potions of curing {unknown}
Comestibles
 f - 3 rations


   Skills:
 + Level 1.8 Fighting
 + Level 2.4 Short Blades
 + Level 2.0 Armour
 + Level 2.7 Dodging
 + Level 1.6 Stealth
 + Level 3.4 Evocations


You had 4 spell levels left.
You didn't know any spells.
Your spell library was empty.

Dungeon Overview and Level Annotations

Branches:
Dungeon (3/15)

Altars:
Ashenzari
Dithmenos
Ru
Yredelemnul


Message History

Your Armour skill increases to level 2!
You hit the orc. You burn the orc.
You kill the orc!
The orc hits you with a +0 short sword!
* * * LOW HITPOINT WARNING * * *
Items here: ))) [ a +0 flail; a +0 dagger; a +0 robe; a +0 short sword You hit the orc but do no damage.
The orc misses you.
You barely miss the orc. The orc hits you with a +0 short sword.
* * * LOW HITPOINT WARNING * * *
You completely miss the orc. The orc hits you with a +0 short sword.
* * * LOW HITPOINT WARNING * * *
Evoke which item? (* to show all) (? for menu, Esc to quit)
Aiming: Throw Flame
Press: ? - help, Shift-Dir - straight line, f - orc
Aim: an orc, wielding a +0 short sword The puff of flame hits the orc.
The orc is heavily wounded.
The orc hits you with a +0 short sword.
You die...

###.## ###.###
#.....# ##
....#.# .#
#.###.# .# #<#
#.# #.# .# #.#
#.# #.# .# ..#
#.# #.#
#####)###.# ###
#.# #.#
#..(@o....# #.#
#.# #.###.#####
#.# #.# #(# .#
#.# #.# #.# .#
#.###.###.###.#
#.............#
###############


You could see an orc.

Vanquished Creatures
  An orc wizard (D:3)
  3 adders
  An ooze (D:1)
  A worm (D:3)
  3 dart slugs
  4 leopard geckos
  2 orcs (D:3)
  4 bats
  8 goblins
  5 hobgoblins
  7 jackals (D:1)
  A ball python (D:2)
  2 frilled lizards
  6 kobolds
  8 rats
56 creatures vanquished.

Notes
Turn   | Place    | Note
-------+----------+-------------------------------------------
     0 | D:1      | H0rd4k the Human Artificer began the quest for the Orb.
     0 | D:1      | Reached XP level 1. HP: 15/15 MP: 3/3
   214 | D:1      | Reached XP level 2. HP: 20/21 MP: 4/4
   606 | D:1      | Reached XP level 3. HP: 24/26 MP: 5/5
   907 | D:1      | Reached skill level 1 in Armour
  1362 | D:2      | Found a shattered altar of Ashenzari.
  1446 | D:2      | Found a basalt altar of Yredelemnul.
  1452 | D:2      | Reached XP level 4. HP: 29/32 MP: 6/6
  1480 | D:2      | Found a sacrificial altar of Ru.
  2331 | D:3      | Found a shadowy altar of Dithmenos.
  2409 | D:3      | Reached XP level 5. HP: 23/38 MP: 7/7
  2663 | D:3      | HP: 1/38 [orc/+0 short sword (5)]
  2664 | D:3      | Slain by an orc

Skill      XL: |  1  2  3  4  5 |
---------------+----------------+-----
Armour         | 1 2 |  2.0
Short Blades   | 2 |  2.4
Fighting       | |  1.8
Dodging        | |  2.7
Stealth        | |  1.6
Evocations     | |  3.4

Action                   |  1- 3 |  4- 6 || total
-------------------------+-------+-------++-------
Melee: Short sword       |   163 |    73 ||   236
Evoke: Wand              |     2 |     1 ||     3
 Stab: Sleeping          |     2 |     3 ||     5
  Eat: Chunk             |     1 |     2 ||     3
       Ration            |       |     1 ||     1
Armor: Leather armour    |    56 |    10 ||    66
Dodge: Dodged            |   116 |    34 ||   150
